TOP OF THE 1ST |
Boston (APP) Red Sox batting - Pitching for Bluefield Blue Jays : RHP Bob Markle
|
Pitching: RHP Bob Markle
|
|
Batting: RHB Tony Nunez
|
0-0: Ball 1-0: Foul Ball, location: 2F 1-1: Swinging Strike 1-2: Ground out 5-3 (Groundball, 5, EV 106.9 MPH)
|
Batting: SHB Salvador Padilla
|
0-0: Fly out, F7 (Flyball, 7, EV 91.2 MPH)
|
Batting: LHB Carlos Guerra
|
0-0: Ground out 4-3 (Groundball, 4M, EV 108.1 MPH)
|
Top of the 1st over - 0 runs, 0 hits, 0 errors, 0 left on base; Boston (APP) 0 - Bluefield 0 |
BOTTOM OF THE 1ST |
Bluefield Blue Jays batting - Pitching for Boston (APP) Red Sox : RHP Austin O'Connor
|
Pitching: RHP Austin O'Connor
|
|
Batting: RHB Stephen Casteel
|
0-0: Ground out 4-3 (Groundball, 4, EV 80.6 MPH)
|
Batting: RHB Mike Johnson
|
0-0: Called Strike 0-1: SINGLE (Line Drive, 5D, EV 103.1 MPH)
|
Batting: RHB Bill Murray
|
0-0: Ball 1-0: Ball 2-0: Ball 3-0: Base on Balls Mike Johnson to second
|
Batting: RHB John Hering
|
0-0: Ball 1-0: Swinging Strike 1-1: Swinging Strike 1-2: Ball 2-2: Fielders Choice at 2nd, 3-6 (Groundball, 34S, EV 91.9 MPH) Mike Johnson to third
|
Batting: LHB Kurt Estep
|
0-0: 3-RUN HOME RUN (Flyball, 9D, EV 100.6 MPH), Distance : 382 ft
|
Batting: LHB Eric Toney
|
0-0: Ball 1-0: Called Strike 1-1: Foul Ball, location: 2F 1-2: Foul Ball, location: 2F 1-2: Foul Ball, location: 2F 1-2: SOLO HOME RUN (Flyball, 7D, EV 95.6 MPH), Distance : 369 ft
|
Batting: SHB Dominik Hasek II
|
0-0: DOUBLE (Line Drive, 9LM, EV 106.9 MPH)
|
Batting: RHB Carlos Bravo
|
0-0: Foul Ball, location: 2F 0-1: Ball 1-1: Ball 2-1: Called Strike 2-2: Ground out 5-3 (Groundball, 56S, EV 85.6 MPH)
|
Bottom of the 1st over - 4 runs, 4 hits, 0 errors, 1 left on base; Boston (APP) 0 - Bluefield 4 |
TOP OF THE 2ND |
Boston (APP) Red Sox batting - Pitching for Bluefield Blue Jays : RHP Bob Markle
|
Batting: RHB Jim Hubbard
|
0-0: Called Strike 0-1: Called Strike 0-2: Ball 1-2: Ground out 4-3 (Groundball, 4S, EV 87.5 MPH)
|
Batting: RHB Aukukero Tairi
|
0-0: Called Strike 0-1: Ball 1-1: Foul Ball, location: 2F 1-2: Ball 2-2: Strikes out looking
|
Batting: RHB John Doucette
|
0-0: Foul Ball, location: 2F 0-1: Fly out, F8 (Line Drive, 8RM, EV 98.8 MPH)
|
Top of the 2nd over - 0 runs, 0 hits, 0 errors, 0 left on base; Boston (APP) 0 - Bluefield 4 |
BOTTOM OF THE 2ND |
Bluefield Blue Jays batting - Pitching for Boston (APP) Red Sox : RHP Austin O'Connor
|
Batting: RHB Shunsuke Shiba Inu
|
0-0: Called Strike 0-1: SINGLE (Groundball, 4S, EV 66.9 MPH) (infield hit)
|
Batting: RHB Stephen Casteel
|
0-0: Called Strike Shunsuke Shiba Inu is caught stealing 2nd base 2-4 0-1: Ball 1-1: Foul Ball, location: 2F 1-2: Reached on error, E3 (Groundball, 34S, EV 85.0 MPH)
|
Batting: RHB Mike Johnson
|
0-0: Foul Ball, location: 2F 0-1: Ball 1-1: Called Strike Stephen Casteel steals 2nd base 1-2: Ground out 6-3 (Groundball, 6, EV 105.6 MPH)
|
Batting: RHB Bill Murray
|
0-0: Called Strike 0-1: Foul Ball, location: 2F 0-2: Ball 1-2: Ball 2-2: Ball 3-2: SINGLE (Groundball, 34D, EV 105.0 MPH) Stephen Casteel to third
|
Batting: RHB John Hering
|
0-0: Ball 1-0: Ball 2-0: Ball 3-0: Base on Balls Bill Murray to second
|
Batting: LHB Kurt Estep
|
0-0: Fielders Choice at 2nd, 5-4 (Groundball, 56, EV 78.1 MPH)
|
Bottom of the 2nd over - 0 runs, 2 hits, 1 error, 3 left on base; Boston (APP) 0 - Bluefield 4 |
TOP OF THE 3RD |
Boston (APP) Red Sox batting - Pitching for Bluefield Blue Jays : RHP Bob Markle
|
Batting: LHB Mike Hutcheson
|
0-0: Swinging Strike 0-1: Ball 1-1: Foul Ball, location: 2F 1-2: Foul Ball, location: 2F 1-2: Fly out, F8 (Line Drive, 8RD, EV 90.6 MPH)
|
Batting: RHB Tony Gallegos
|
0-0: Fly out, F8 (Flyball, 8LXD, EV 102.5 MPH)
|
Batting: RHB Mario Arriero
|
0-0: Ball 1-0: Called Strike 1-1: Fly out, F8 (Line Drive, 8LD, EV 110.6 MPH)
|
Top of the 3rd over - 0 runs, 0 hits, 0 errors, 0 left on base; Boston (APP) 0 - Bluefield 4 |
BOTTOM OF THE 3RD |
Bluefield Blue Jays batting - Pitching for Boston (APP) Red Sox : RHP Austin O'Connor
|
Batting: LHB Eric Toney
|
0-0: Called Strike 0-1: DOUBLE (Line Drive, 7LM, EV 95.0 MPH)
|
Batting: SHB Dominik Hasek II
|
0-0: Called Strike 0-1: Ball 1-1: Foul Ball, location: 2F 1-2: Ball 2-2: Foul Ball, location: 2F 2-2: Strikes out swinging
|
Batting: RHB Carlos Bravo
|
0-0: Called Strike 0-1: Foul Ball, location: 2F 0-2: Ground out 3-1 (Groundball, 13, EV 88.8 MPH) Eric Toney to third
|
Batting: RHB Shunsuke Shiba Inu
|
0-0: Called Strike 0-1: Ball Wild Pitch! Eric Toney scores 1-1: Swinging Strike 1-2: Ball 2-2: Strikes out swinging
|
Bottom of the 3rd over - 1 run, 1 hit, 0 errors, 0 left on base; Boston (APP) 0 - Bluefield 5 |
TOP OF THE 4TH |
Boston (APP) Red Sox batting - Pitching for Bluefield Blue Jays : RHP Bob Markle
|
Batting: RHB Tony Nunez
|
0-0: Ball 1-0: Called Strike 1-1: Fly out, F7 (Flyball, 7LS, EV 81.2 MPH)
|
Batting: SHB Salvador Padilla
|
0-0: Swinging Strike 0-1: Ball 1-1: Called Strike 1-2: Ball 2-2: Foul Ball, location: 2F 2-2: SINGLE (Groundball, 6M, EV 102.5 MPH) (infield hit)
|
Batting: LHB Carlos Guerra
|
0-0: Ball 1-0: Ball 2-0: Ball 3-0: Base on Balls Salvador Padilla to second
|
Batting: RHB Jim Hubbard
|
0-0: Called Strike 0-1: Called Strike 0-2: Ball 1-2: Ball 2-2: Ball 3-2: Foul Ball, location: 2F 3-2: Fly out, F9 (Line Drive, 9D, EV 98.1 MPH) Runner from 2nd tags up, SAFE at 3rd, no throw by RF
|
Batting: RHB Aukukero Tairi
|
0-0: Ball 1-0: Ball 2-0: Ball 3-0: Base on Balls Carlos Guerra to second
|
Batting: RHB John Doucette
|
0-0: Ball 1-0: Called Strike 1-1: Foul Ball, location: 2F 1-2: Ball 2-2: DOUBLE (Flyball, 8LXD, EV 95.0 MPH) Salvador Padilla scores Carlos Guerra scores Aukukero Tairi to third Runner from 3rd tries for Home, SAFE, no throw by CF
|
Batting: LHB Mike Hutcheson
|
0-0: Foul Ball, location: 2F 0-1: Foul Ball, location: 2F 0-2: Foul Ball, location: 2F 0-2: Fly out, F8 (Flyball, 8LM, EV 93.1 MPH)
|
Top of the 4th over - 3 runs, 2 hits, 0 errors, 1 left on base; Boston (APP) 3 - Bluefield 5 |
BOTTOM OF THE 4TH |
Bluefield Blue Jays batting - Pitching for Boston (APP) Red Sox : RHP Austin O'Connor
|
Batting: RHB Stephen Casteel
|
0-0: Foul Ball, location: 2F 0-1: Ball 1-1: Foul Ball, location: 2F 1-2: Ball 2-2: Ball 3-2: Strikes out swinging
|
Batting: RHB Mike Johnson
|
0-0: SOLO HOME RUN (Line Drive, 7LD, EV 98.1 MPH), Distance : 350 ft
|
Pitching: RHP Tyler Tomblin
|
|
Batting: RHB Bill Murray
|
0-0: Called Strike 0-1: Ball 1-1: Ball 2-1: Called Strike 2-2: TRIPLE (Flyball, 78XD, EV 102.5 MPH)
|
Batting: RHB John Hering
|
0-0: Ball Wild Pitch! Bill Murray scores 1-0: SOLO HOME RUN (Flyball, 7D, EV 96.9 MPH), Distance : 379 ft
|
Batting: LHB Kurt Estep
|
0-0: Ball 1-0: Ball 2-0: Ball 3-0: Base on Balls
|
Batting: LHB Eric Toney
|
0-0: Swinging Strike 0-1: DOUBLE (Flyball, 78XD, EV 94.4 MPH) Kurt Estep to third
|
Batting: SHB Dominik Hasek II
|
0-0: Ball 1-0: Foul Ball, location: 2F 1-1: Ball 2-1: Foul Ball, location: 2F 2-2: Ball 3-2: TRIPLE (Line Drive, 89XD, EV 103.8 MPH) Kurt Estep scores Eric Toney scores
|
Pitching: RHP Dan Jenkins
|
|
Batting: RHB Carlos Bravo
|
0-0: Ball 1-0: Ground out 4-3 (Groundball, 34, EV 103.1 MPH) Dominik Hasek II scores
|
Now at 2B: Danny Marquez
|
|
Batting: RHB Shunsuke Shiba Inu
|
0-0: Called Strike 0-1: Ball 1-1: Called Strike 1-2: Ball 2-2: Ball 3-2: Base on Balls
|
Batting: RHB Stephen Casteel
|
0-0: Ball 1-0: Ball 2-0: Foul Ball, location: 2F 2-1: Swinging Strike 2-2: Foul Ball, location: 2F 2-2: Foul Ball, location: 2F 2-2: Ground out 4-3 (Groundball, 4, EV 88.8 MPH)
|
Bottom of the 4th over - 6 runs, 5 hits, 0 errors, 1 left on base; Boston (APP) 3 - Bluefield 11 |
TOP OF THE 5TH |
Boston (APP) Red Sox batting - Pitching for Bluefield Blue Jays : RHP Bob Markle
|
Batting: RHB Tony Gallegos
|
0-0: SINGLE (Flyball, 3D, EV 98.8 MPH)
|
Batting: RHB Mario Arriero
|
0-0: Fly out, F7 (Flyball, 7LM, EV 86.2 MPH)
|
Batting: RHB Tony Nunez
|
0-0: Ball 1-0: Foul Ball, location: 2F 1-1: Ball 2-1: SINGLE (Groundball, 4M, EV 89.4 MPH) (infield hit) Tony Gallegos to second
|
Batting: SHB Salvador Padilla
|
0-0: Ball 1-0: Ball 2-0: Fielders Choice at 2nd, 3-6 (Groundball, 34, EV 104.4 MPH) Tony Gallegos to third
|
Batting: SHB Danny Marquez
|
0-0: Ball 1-0: Foul Ball, location: 2F 1-1: Called Strike 1-2: Ground out 4-3 (Groundball, 4D, EV 83.1 MPH)
|
Top of the 5th over - 0 runs, 2 hits, 0 errors, 2 left on base; Boston (APP) 3 - Bluefield 11 |
BOTTOM OF THE 5TH |
Bluefield Blue Jays batting - Pitching for Boston (APP) Red Sox : RHP Dan Jenkins
|
Batting: RHB Mike Johnson
|
0-0: Ground out 5-3 (Groundball, 5L, EV 103.1 MPH)
|
Batting: RHB Bill Murray
|
0-0: Ball 1-0: Foul Ball, location: 2F 1-1: Called Strike 1-2: Strikes out swinging
|
Batting: RHB John Hering
|
0-0: Foul Ball, location: 2F 0-1: Ball 1-1: Ball 2-1: Foul Ball, location: 2F 2-2: Foul Ball, location: 2F 2-2: Ground out U3 (Groundball, 3, EV 82.5 MPH)
|
Bottom of the 5th over - 0 runs, 0 hits, 0 errors, 0 left on base; Boston (APP) 3 - Bluefield 11 |
TOP OF THE 6TH |
Boston (APP) Red Sox batting - Pitching for Bluefield Blue Jays : RHP Bob Markle
|
Batting: RHB Jim Hubbard
|
0-0: Ball 1-0: Ball 2-0: Called Strike 2-1: Foul Ball, location: 2F 2-2: Strikes out swinging
|
Batting: RHB Aukukero Tairi
|
0-0: Ball 1-0: Called Strike 1-1: Foul Ball, location: 2F 1-2: Ball 2-2: Strikes out swinging
|
Batting: RHB John Doucette
|
0-0: Ball 1-0: Ground out 6-3 (Groundball, 6, EV 83.8 MPH)
|
Top of the 6th over - 0 runs, 0 hits, 0 errors, 0 left on base; Boston (APP) 3 - Bluefield 11 |
BOTTOM OF THE 6TH |
Bluefield Blue Jays batting - Pitching for Boston (APP) Red Sox : RHP Dan Jenkins
|
Batting: LHB Kurt Estep
|
0-0: Ball 1-0: Called Strike 1-1: Ball 2-1: Swinging Strike 2-2: Foul Ball, location: 2F 2-2: Foul Ball, location: 2F 2-2: Ball 3-2: Foul Ball, location: 2F 3-2: TRIPLE (Flyball, 7D, EV 89.4 MPH)
|
Batting: LHB Eric Toney
|
0-0: Fly out, F8 (Line Drive, 8LD, EV 85.0 MPH) Runner from 3rd tags up, SCORES, throw by CF
|
Batting: SHB Dominik Hasek II
|
0-0: Ball 1-0: Foul Ball, location: 2F 1-1: Called Strike 1-2: Ball 2-2: Ball 3-2: Ground out 4-3 (Groundball, 4, EV 100.6 MPH)
|
Batting: RHB Carlos Bravo
|
0-0: Ball 1-0: Swinging Strike 1-1: SINGLE (Groundball, 6MD, EV 95.6 MPH)
|
Batting: RHB Shunsuke Shiba Inu
|
0-0: Ball Carlos Bravo steals 2nd base 1-0: Foul Ball, location: 2F 1-1: Ball 2-1: Fly out, F3 (Popup, 3SF, EV 70.0 MPH)
|
Bottom of the 6th over - 1 run, 2 hits, 0 errors, 1 left on base; Boston (APP) 3 - Bluefield 12 |
TOP OF THE 7TH |
Boston (APP) Red Sox batting - Pitching for Bluefield Blue Jays : RHP Bob Markle
|
Now at 1B: Braydon Pinsent
|
|
Batting: LHB Mike Hutcheson
|
0-0: Ball 1-0: Called Strike 1-1: Called Strike 1-2: Ball 2-2: Ball 3-2: Foul Ball, location: 2F 3-2: Base on Balls
|
Batting: RHB Tony Gallegos
|
0-0: Called Strike 0-1: Ball 1-1: Ball 2-1: DOUBLE (Line Drive, 89D, EV 100.6 MPH) Mike Hutcheson to third
|
Batting: RHB Mario Arriero
|
0-0: Ground out 6-3 (Groundball, 6, EV 88.1 MPH) Mike Hutcheson scores Tony Gallegos to third
|
Pinch Hitting: RHB Miguel Villanueva
|
0-0: Called Strike 0-1: Ball 1-1: Foul Ball, location: 2F 1-2: Ball 2-2: Foul Ball, location: 2F 2-2: Ball 3-2: Fly out, F8 (Flyball, 89M, EV 89.4 MPH)
|
Pitching: LHP Akinori Morikawa
|
|
Batting: SHB Salvador Padilla
|
0-0: Called Strike 0-1: Foul Ball, location: 2F 0-2: Ground out 6-3 (Groundball, 6, EV 94.4 MPH)
|
Top of the 7th over - 1 run, 1 hit, 0 errors, 1 left on base; Boston (APP) 4 - Bluefield 12 |
BOTTOM OF THE 7TH |
Bluefield Blue Jays batting - Pitching for Boston (APP) Red Sox : RHP Dan Jenkins
|
Now at SS: Miguel Villanueva
|
|
Pinch Hitting: RHB Ed Swafford
|
0-0: Ball 1-0: Called Strike 1-1: Called Strike 1-2: Ball 2-2: Ball 3-2: Strikes out swinging
|
Batting: RHB Mike Johnson
|
0-0: Foul Ball, location: 2F 0-1: SINGLE (Groundball, 6MD, EV 97.5 MPH)
|
Batting: RHB Bill Murray
|
0-0: Called Strike 0-1: Ball 1-1: Ball 2-1: Ground out 6-3 (Groundball, 6S, EV 70.0 MPH) Mike Johnson to second
|
Pitching: LHP Anton Lara
|
|
Batting: RHB John Hering
|
0-0: Ball 1-0: Called Strike 1-1: Foul Ball, location: 2F 1-2: Ball 2-2: Ball 3-2: Foul Ball, location: 2F 3-2: Foul Ball, location: 2F 3-2: Fly out, F2 (Popup, 23F, EV 91.2 MPH)
|
Bottom of the 7th over - 0 runs, 1 hit, 0 errors, 1 left on base; Boston (APP) 4 - Bluefield 12 |
TOP OF THE 8TH |
Boston (APP) Red Sox batting - Pitching for Bluefield Blue Jays : LHP Akinori Morikawa
|
Now at 2B: Victor Ayala
|
|
Batting: SHB Danny Marquez
|
0-0: Ground out 4-3 (Groundball, 4, EV 88.8 MPH)
|
Pinch Hitting: RHB Joe Booth
|
0-0: Foul Ball, location: 2F 0-1: Ball 1-1: Called Strike 1-2: Ball 2-2: Ball 3-2: Strikes out swinging
|
Batting: RHB Aukukero Tairi
|
0-0: Reached on error, E6 (Groundball, 6, EV 89.4 MPH)
|
Batting: RHB John Doucette
|
0-0: Ground out 4-3 (Groundball, 4, EV 80.6 MPH)
|
Top of the 8th over - 0 runs, 0 hits, 1 error, 1 left on base; Boston (APP) 4 - Bluefield 12 |
BOTTOM OF THE 8TH |
Bluefield Blue Jays batting - Pitching for Boston (APP) Red Sox : LHP Anton Lara
|
Now in LF: Mario Arriero
|
|
Now in CF: Joe Booth
|
|
Batting: LHB Kurt Estep
|
0-0: Ball 1-0: Called Strike 1-1: Reached on error, E1 (Groundball, 13S, EV 71.2 MPH)
|
Batting: LHB Eric Toney
|
0-0: Ball 1-0: Called Strike 1-1: Ball 2-1: Foul Ball, location: 2F 2-2: SINGLE (Groundball, 23, EV 64.4 MPH) (infield hit) Kurt Estep to third
|
Batting: RHB Braydon Pinsent
|
0-0: TRIPLE (Line Drive, 8RXD, EV 100.0 MPH) Kurt Estep scores Eric Toney scores
|
Batting: RHB Carlos Bravo
|
0-0: Called Strike 0-1: Ball 1-1: Swinging Strike 1-2: Ground out 2-3 (Groundball, 13S, EV 63.1 MPH)
|
Pitching: RHP Josiah Russell
|
|
Batting: RHB Shunsuke Shiba Inu
|
0-0: Called Strike 0-1: Swinging Strike 0-2: Ball 1-2: Ball 2-2: Fly out, F9 (Flyball, 9, EV 92.5 MPH) Runner from 3rd tags up, SCORES, throw by RF
|
Batting: RHB Victor Ayala
|
0-0: Called Strike 0-1: Ball 1-1: Ball 2-1: Ball 3-1: SOLO HOME RUN (Flyball, 78XD, EV 104.4 MPH), Distance : 421 ft
|
Batting: RHB Mike Johnson
|
0-0: Ball 1-0: Called Strike 1-1: Ball 2-1: Called Strike 2-2: Ball 3-2: Base on Balls
|
Batting: RHB Bill Murray
|
0-0: Ball 1-0: Ball 2-0: Ball 3-0: Called Strike 3-1: Foul Ball, location: 2F 3-2: Base on Balls Mike Johnson to second
|
Pitching: RHP Dave Burwell
|
|
Batting: RHB John Hering
|
0-0: Swinging Strike 0-1: SINGLE (Flyball, 3D, EV 89.4 MPH) Mike Johnson to third Bill Murray to second
|
Batting: LHB Kurt Estep
|
0-0: Foul Ball, location: 2F 0-1: Fly out, F7 (Flyball, 7LM, EV 93.8 MPH)
|
Bottom of the 8th over - 4 runs, 4 hits, 1 error, 3 left on base; Boston (APP) 4 - Bluefield 16 |
TOP OF THE 9TH |
Boston (APP) Red Sox batting - Pitching for Bluefield Blue Jays : LHP Akinori Morikawa
|
Batting: LHB Mike Hutcheson
|
0-0: Called Strike 0-1: Foul Ball, location: 2F 0-2: Strikes out swinging
|
Batting: RHB Tony Gallegos
|
0-0: Swinging Strike 0-1: Called Strike 0-2: Ball 1-2: Strikes out swinging
|
Batting: RHB Mario Arriero
|
0-0: Ball 1-0: Ball 2-0: Ball 3-0: Called Strike 3-1: Foul Ball, location: 2F 3-2: Foul Ball, location: 2F 3-2: SINGLE (Groundball, 6S, EV 95.0 MPH)
|
Batting: RHB Miguel Villanueva
|
0-0: Fly out, F8 (Flyball, 8LD, EV 102.5 MPH)
|
Top of the 9th over - 0 runs, 1 hit, 0 errors, 1 left on base; Boston (APP) 4 - Bluefield 16 |
|